 Dungeon Crawl Stone Soup version 0.27-a0-1548-gf8a67e7463 (webtiles) character file.

Game seed: 14658047861120096514

154 wotkd0121004 the Sneak (level 5, -9/31 HPs)
             Began as an Octopode Earth Elementalist on July 13, 2021.
             Mangled by Grinder (10 damage)
             ... while paralysed by Grinder
             ... on level 3 of the Dungeon.
             The game lasted 00:04:58 (2939 turns).

wotkd0121004 the Sneak (OpEE)                       Turns: 2939, Time: 00:04:59

Health: -9/31      AC:  1    Str:  8    XL:     5   Next: 35%
Magic:  4/9        EV:  2    Int: 18    God:
Gold:   118        SH:  0    Dex: 12    Spells: 5/9 levels left

rFire    . . .     SeeInvis .   f - +0 dagger
rCold    . . .     Faith    .   (no shield)
rNeg     . . .     Spirit   .   (helmet restricted)
rPois    .         Reflect  .   (no amulet)
rElec    .         Harm     .   e - +4 ring of evasion
rCorr    .         Rampage  .   (no ring)
Will     .....                  (no ring)
Stlth    +++.......             (no ring)
HPRegen  0.10/turn              (no ring)
MPRegen  0.11/turn              (no ring)
                                (no ring)
                                (no ring)

@: paralysed
A: almost no armour, amphibious, 8 rings, camouflage 1, gelatinous body 1,
(nimble swimmer 1), tentacles
a: no special abilities


You were on level 3 of the Dungeon.
You visited 1 branch of the dungeon, and saw 3 of its levels.

You collected 118 gold pieces.

Inventory:

Hand Weapons
 f - a +0 dagger (weapon)
Missiles
 b - 30 stones
Jewellery
 e - a +4 ring of evasion (left tentacle)
Scrolls
 c - a scroll of teleportation {unknown}
 d - a scroll of acquirement
 h - a scroll of blinking {unknown}
Potions
 a - a potion of resistance {unknown}
 i - a potion of mutation
 j - a potion of berserk rage {unknown}
 k - a potion of magic {unknown}


   Skills:
 + Level 2.8 Dodging
 + Level 4.0 Stealth
 + Level 2.7 Spellcasting
 * Level 1.1 Conjurations
 + Level 2.2 Transmutations
 + Level 3.6 Earth Magic


You had 5 spell levels left.
You knew the following spells:

 Your Spells              Type           Power      Damage    Failure   Level
a - Sandblast             Erth           30%        2d9       3%          1
b - Stone Arrow           Conj/Erth      22%        3d8       19%         3

Your spell library contained the following spells:

 Spells                   Type           Power      Damage    Failure   Level
 Passwall                 Tmut/Erth      10%        N/A       8%          2
 Petrify                  Tmut/Erth      13%        N/A       45%         4
 Lehudib's Crystal Spear  Conj/Erth      5%         10d3      100%        8
 Animate Armour           Summ/Erth      Unusable   N/A       N/A         4

Dungeon Overview and Level Annotations

Branches:
Dungeon (3/15)

Altars:
Dithmenos

Annotations:
D:3 Grinder


Innate Abilities, Weirdness & Mutations

You cannot wear most types of armour.
You are amphibious.
You can wear up to eight rings at the same time.
Your skin changes colour to match your surroundings (Stealth+).
Your rubbery body absorbs attacks. (AC +1, EV +1)
((You are camouflaged near water. (Stealth+)))
You have tentacles for arms and can constrict up to eight enemies at once.


Message History

Confirm with . or Enter, or press ? or * to list all spells.
Aiming: Sandblast (safe; 3% risk of failure)
Press: ? - help, Shift-Dir - straight line, f/p - Grinder
Aim: Grinder (heavily wounded, 77% to hit)
The blast of sand hits Grinder.
Grinder is heavily wounded.
Grinder gestures at you. Pain shoots through your body!
Casting: Sandblast (safe; 3% risk of failure)
Confirm with . or Enter, or press ? or * to list all spells.
Aiming: Sandblast (safe; 3% risk of failure)
Press: ? - help, Shift-Dir - straight line, f/p - Grinder
Aim: Grinder (heavily wounded, 77% to hit)
The blast of sand hits Grinder.
Grinder is heavily wounded.
Grinder hits you!
You writhe in agony.
Unknown command.
Casting: Sandblast (safe; 3% risk of failure)
Confirm with . or Enter, or press ? or * to list all spells.
Aiming: Sandblast (safe; 3% risk of failure)
Press: ? - help, Shift-Dir - straight line, f/p - Grinder
Aim: Grinder (heavily wounded, 77% to hit)
The blast of sand hits Grinder but does no damage.
Grinder is heavily wounded.
Grinder completely misses you.
You closely miss Grinder. You grab Grinder.
Grinder is heavily wounded.
You constrict Grinder. Grinder gestures at you.
You suddenly lose the ability to move!
You lose your grip on Grinder.
Grinder hits you.
* * * LOW HITPOINT WARNING * * *
You writhe in agony.
* * * LOW HITPOINT WARNING * * *
Grinder hits you.
* * * LOW HITPOINT WARNING * * *
You writhe in agony.
* * * LOW HITPOINT WARNING * * *
Grinder hits you!
You die...

#########..#.#.###########
..............>..........#
####....#..#+##..........#
...#)...#................#
...#....#.........########
...#....#.........#
..†#....#.........#######*******
...#....#.......5........,,,,,,*
...#....#.#.....@.###....,,,,,,*
...#****#.........# *,,..,,,,,,*
...########.......# ***+********
........###########* *,*
............#*,,,,,****,*
###...).###.*,,,,,,+,,,,*
........###.#.,,,,,******
.#............,,,,,,,,*
.#......###.#.,,,,,**,*


You could see Grinder.

Vanquished Creatures
  An orc priest (D:3)
  Terence (D:2)
  Jessica (D:3)
  An adder (D:2)
  A worm (D:2)
  3 orcs (D:3)
  10 endoplasms
  4 giant cockroaches
  5 hobgoblins
  6 jackals (D:2)
  2 kobolds
  A quokka (D:2)
  6 ball pythons
  A bat (D:2)
  2 frilled lizards (D:2)
  4 goblins
  3 rats
52 creatures vanquished.

Notes
Turn   | Place    | Note
-------+----------+-------------------------------------------
     0 | D:1      | wotkd0121004 the Octopode Earth Elementalist began the
                  | quest for the Orb.
     0 | D:1      | Reached XP level 1. HP: 11/11 MP: 3/3
   383 | D:1      | Reached XP level 2. HP: 14/17 MP: 5/5
   460 | D:1      | Reached skill level 3 in Stealth
   575 | D:1      | Found a faded altar of an unknown god.
  1273 | D:2      | Reached XP level 3. HP: 21/21 MP: 6/6
  1281 | D:2      | Found a shadowy altar of Dithmenos.
  1676 | D:2      | Noticed Terence
  2094 | D:2      | Reached XP level 4. HP: 26/27 MP: 4/7
  2106 | D:2      | Killed Terence
  2109 | D:2      | Identified 2 scrolls of acquirement
  2112 | D:2      | Acquired a +4 ring of evasion
  2439 | D:2      | Learned a level 3 spell: Stone Arrow
  2547 | D:3      | Reached XP level 5. HP: 25/31 MP: 1/8
  2554 | D:3      | Reached skill level 4 in Stealth
  2831 | D:3      | Noticed Jessica
  2839 | D:3      | Killed Jessica
  2840 | D:3      | Reached skill level 1 in Conjurations
  2880 | D:3      | Noticed Grinder
  2909 | D:3      | Paralysed by Grinder for 7 turns
  2936 | D:3      | Paralysed by Grinder for 4 turns
  2938 | D:3      | HP: 1/31 [Grinder (1)]
  2939 | D:3      | Mangled by Grinder

Illustrated notes

Levels and vault maps discovered:
D:1:      zelgadis_glass_arrival_small, layout_loops_ring,
          shapermc_ecumenical_altar_hornbeckon, minmay_pentomino_t2
D:2:      layout_basic, basic_altar, glass_columns_a, item_on_display_a,
          uniq_terence
D:3:      kennysheep_big_flooded_room, layout_basic, uniq_grinder, uniq_jessica

Skill      XL: |  1  2  3  4  5 |
---------------+----------------+-----
Stealth        | 3 4 |  4.0
Transmutations | 2 |  2.2
Conjurations   | 1 |  1.1
Dodging        | |  2.8
Spellcasting   | |  2.7
Earth Magic    | |  3.6

Action                   |  1- 3 |  4- 6 || total
-------------------------+-------+-------++-------
Melee: Dagger            |    58 |    36 ||    94
       Constrict         |    11 |     6 ||    17
       Tentacles         |     5 |     3 ||     8
 Cast: Sandblast         |    15 |    25 ||    40
  Use: Scroll            |       |     4 ||     4
       Potion            |       |     1 ||     1
 Stab: Sleeping          |    14 |     3 ||    17
Armor: Skin              |     6 |     6 ||    12
Dodge: Dodged            |    35 |    31 ||    66

Table legend: (Time is in decaauts)
 A = Elapsed time spent in this place.
 B = Non-inter-level travel time spent in this place.
 C = Inter-level travel time spent in this place.
 D = Time resting spent in this place.
 E = Time spent auto-exploring this place.
 F = Levels seen in this place.
 G = Mean time per level.
                   A        B        C        D        E       F      G
               +--------+--------+--------+--------+--------+-----+--------+
         Total |   2937 |   2860 |     77 |      0 |   2333 |   3 |  979.0 |
       Dungeon |   2937 |   2860 |     77 |      0 |   2333 |   3 |  979.0 |
               +--------+--------+--------+--------+--------+-----+--------+

Top non-repeatable levels by time:
     D:2: 1486 daAuts
     D:1: 1016 daAuts
     D:3: 434 daAuts
